[Event "*** Titled Tuesday Blitz"]
[Site "Chess.com"]
[Date "2021.02.16"]
[Round "3"]
[White "FMJoseHerrera"]
[Black "nrvisakh"]
[Result "0-1"]
[WhiteElo "2598"]
[BlackElo "2778"]
[TimeControl "180+1"]
[EndTime "10:31:08 PST"]
[Termination "nrvisakh won by resignation"]

1. Nf3 g6 2. g3 Bg7 3. Bg2 b6 4. d3 Bb7 5. Nc3 Nf6 6. h4 h6 7.
e4 O-O 8. Bf4 d5 9. e5 Nfd7 10.
Qd2 d4 11. Ne2 h5 12. e6 fxe6 13. Rg1 e5 14. Nxe5 Bxg2 15. Nxd7 Qxd7 16. Rxg2 Nc6 17. O-O-O Qd5 18. Rdg1 Qxa2 19. Kd1 Qxb2 20. g4 Qb1+ 21. Nc1 Qb4 22. gxh5 Qxd2+ 23. Bxd2 Ne5 24. h6 Bh8 25. h5 g5 26. Rxg5+ Kh7 27. Rg7+ Bxg7 28. Rxg7+ Kh8 29. Rxe7 Rae8 30. Rxc7 Rf7 31. Rxf7 Nxf7 32. Ne2 Kh7 33. Nxd4 Nxh6 34. Nc6 a5 35. Be3 Ng4 36. Bxb6 Re6 37. f3 Rxc6 38. Bxa5 Ne3+ 39. Kd2 Nxc2 40. Bc3 Ne1 41. f4 Nf3+ 0-1

[Event "*** Titled Tuesday Blitz"]
[Site "Chess.com"]
[Date "2021.02.16"]
[Round "3"]
[White "Gulkov_Igor"]
[Black "frederiksvane"]
[Result "1/2-1/2"]
[WhiteElo "2476"]
[BlackElo "2689"]
[TimeControl "180+1"]
[EndTime "10:31:09 PST"]
[Termination "Game drawn by agreement"]

1. Nf3 c5 2. c4 Nc6 3. d4 cxd4 4. Nxd4 g6 5. e4 Nf6 6. Nc3 Nxd4 7. Qxd4 d6 8. Be2 Bg7 9. Be3 O-O 10. Qd2 a5 11. f3 a4 12. O-O Qa5 13. Rac1 Be6 14. Rfd1 Rfc8 15. Nb5 Qxd2 16. Rxd2 Nd7 17. Nd4 Nc5 18. Nxe6 Nxe6 19. Kf2 Rc6 20. Rcd1 Rac8 21. f4 Nc5 22. Kf3 Rb6 23. e5 f5 24. exd6 exd6 25. Rxd6 Rxd6 26. Rxd6 Bxb2 27. Rb6 a3 28. Bxc5 Rxc5 29. Rxb7 Rc8 30. g4 fxg4+ 31. Kxg4 Kh8 32. f5 gxf5+ 33. Kxf5 Rf8+ 34.
Ke4 Re8+ 35. Kd3 Rd8+ 36. Kc2 Rc8 37. Bd3 h6 38. Rh7+ Kg8 39. Rxh6 Kg7 40. Rg6+ Kf7 41. Rg4 Kf6 42. h4 Rh8 43. Bg6 Ke5 44. h5 Kd6 45. Bf7 Rf8 46. Bd5 Rf2+ 47. Kb3 Rh2 48. Rg6+ Kc5 49.
Rc6+ Kd4 50. h6 Rh3+ 51. Ka4 Bc1 52. Bg8 Rxh6 53. Rxh6 Bxh6 54. Kb5 Bf8 1/2-1/2

[Event "*** Titled Tuesday Blitz"]
[Site "Chess.com"]
[Date "2021.02.16"]
[Round "3"]
[White "DamianoLew95"]
[Black "TokChess"]
[Result "1-0"]
[WhiteElo "2593"]
[BlackElo "2384"]
[TimeControl "180+1"]
[EndTime "10:31:09 PST"]
[Termination "DamianoLew95 won on time"]

1. b3 c5 2. Bb2 Nc6 3. f4 Nf6 4. Nf3 b6 5. e3 Bb7 6. Bb5 a6 7.
Bxc6 Bxc6 8. O-O e6 9. Qe2 Be7 10. d3 O-O 11. Nbd2 Nd5 12. c4 Nc7 13. Ne5 Bb7 14.
Ndf3 f6 15. Ng4 d5 16. e4 dxe4 17. dxe4 Qe8 18. Rad1 Qg6 19. Rd7 Bd8 20. Nf2 Rc8 21. Rfd1 Bc6 22. R7d6 Qe8 23. R6d2 Be7 24. h4 Qg6 25.
Nh2 Rfd8 26. h5 Qe8 27. Nhg4 h6 28. e5 Rxd2 29. Rxd2 f5 30. Ne3 Rd8 31. Rxd8 Qxd8 32. g4 fxg4 33. Nfxg4 Qe8 34. f5 exf5 35. Nxf5 Bg5 36.
Qd3 Qxh5 37. Nf2 Ne6 38. Qd6 Qe8 39. Ng4 Bf3 40. Nge3 Bh5 41. Nd5 Bf7 42. Qxb6 Nf4 43. Nd6 1-0

[Event "*** Titled Tuesday Blitz"]
[Site "Chess.com"]
[Date "2021.02.16"]
[Round "3"]
[White "Grieve72"]
[Black "ajedrez1101"]
[Result "1-0"]
[WhiteElo "2474"]
[BlackElo "2110"]
[TimeControl "180+1"]
[EndTime "10:31:09 PST"]
[Termination "Grieve72 won on time"]

1. d4 g6 2. e4 Bg7 3. Nf3 d6 4. Bc4 Nf6 5. Qe2 O-O 6. e5 dxe5 7. dxe5 Nd5 8. O-O c6 9. h3 h6 10. Rd1 Be6 11. Nbd2 Nf4 12. Qe1 Qc7 13. a4 Nd7 14.
Qe3 Nd5 15. Bxd5 Bxd5 16. Re1 Bxf3 17. Nxf3 e6 18. b3 a5 19. Ba3 Rfe8 20. Rad1 b5 21. Bd6 Qb7 22. Rd4 Nb6 23. axb5 cxb5 24. Rh4 Nd5 25. Qe4 Rac8 26. Ra1 Qb6 27. c4 bxc4 28. bxc4 Nb4 29. c5 Qb5 30. Nd4 Qc4 31. Rxa5 Nd5 32. Ra1 Ra8 33. Re1 Qc3 34. g3 Ra1 35. Rxa1 Qxa1+ 36. Kg2 Ra8 37. c6 Qc3 38. c7 Rc8 39. Nb5 Qc6 40.
Qc4 1-0

[Event "*** Titled Tuesday Blitz"]
[Site "Chess.com"]
[Date "2021.02.16"]
[Round "3"]
[White "Chamal_Gedgafov"]
[Black "Nachsueb"]
[Result "1/2-1/2"]
[WhiteElo "2355"]
[BlackElo "2179"]
[TimeControl "180+1"]
[EndTime "10:31:09 PST"]
[Termination "Game drawn by agreement"]

1. d4 Nf6 2. c4 e6 3. Nc3 Bb4 4. e3 O-O 5. Ne2 d5 6. a3 Be7 7.
Ng3 b6 8. Be2 Bb7 9. O-O dxc4 10. Bxc4 Nbd7 11. b4 a5 12. b5 e5 13. dxe5 Nxe5 14.
Be2 Qxd1 15. Rxd1 Rfd8 16. Bb2 c5 17. bxc6 Bxc6 18. Nf5 Bf8 19. Rab1 Rac8 20. Kf1 Ne4 21. Nd4 Nxc3 22. Bxc3 Be8 23. Bb2 Nc4 24. Bxc4 Rxc4 25. Rbc1 Rdc8 26. Ke2 b5 27. Kd3 Rxc1 28. Rxc1 Rxc1 29.
Bxc1 g6 30. Bd2 b4 31. axb4 axb4 32. Kc4 f5 33. Bxb4 Bf7+ 34. Kc3 Bg7 35. g3 Be5 36.
Kd3 Kg7 37. Bc3 Kg8 38. Nf3 Bc7 39. h4 Bd5 40. Ng5 h6 41. Nh3 Kf7 42. Nf4 Be4+ 43. Kd4 Bxf4 44. gxf4 h5 45. Bb4 Bb1 46. Ke5 Ba2 47.
Bc5 Bb3 48. f3 Bc2 49. e4 fxe4 50. fxe4 Bd1 51. Bb6 Bc2 52. Bd8 Bb1 53. f5 gxf5 54. Kxf5 Bc2 55. Bc7 Bb1 56. Kf4 Ke6 57. e5 Bc2 58.
Kg5 Bd1 59. Bd6 Bg4 60. Kg6 Bd1 61. Bc7 Bg4 62. Kg5 Bd1 63. Kg6 Bg4 1/2-1/2

[Event "*** Titled Tuesday Blitz"]
[Site "Chess.com"]
[Date "2021.02.16"]
[Round "3"]
[White "MatyChess1"]
[Black "Bulldog167"]
[Result "0-1"]
[WhiteElo "2623"]
[BlackElo "2876"]
[TimeControl "180+1"]
[EndTime "10:31:11 PST"]
[Termination "Bulldog167 won by resignation"]

1. e4 e6 2. d4 d5 3. Nc3 Bb4 4. Ne2 dxe4 5. a3 Bxc3+ 6. Nxc3 Nc6 7. Bb5 Ne7 8. Bg5 f6 9. Be3 O-O 10. Qd2 f5 11. O-O-O a6 12. Bc4 Nd5 13. Bg5 Qd6 14. Bxd5 exd5 15. Bf4 Qd8 16. h4 Be6 17. h5 Na5 18.
Ne2 Nc4 19. Qe1 a5 20. f3 b5 21. Qg3 Rf7 22. Be5 Qd7 23. Nf4 c5 24. h6 Nxe5 25.
dxe5 g6 26. Rh5 Kh8 27. Rg5 Rg8 28. Nh5 Qc7 29. f4 d4 30. Nf6 Rxf6 31. exf6 Qf7 32.
Qe1 b4 33. g4 Qxf6 34. gxf5 Bxf5 35. a4 e3 36. Qe2 Qe6 37. b3 Qe4 38. Rf1 Re8 39.
Rg2 c4 40. bxc4 b3 41. Kb2 bxc2 42. Qxc2 Rb8+ 43. Kc1 Qc6 44. Qa2 Rb4 45. Rb2 Rxc4+ 46. Kd1 Rc1+ 47. Ke2 Qg2+ 0-1

[Event "*** Titled Tuesday Blitz"]
[Site "Chess.com"]
[Date "2021.02.16"]
[Round "3"]
[White "SirStrateg"]
[Black "Nils_03"]
[Result "1-0"]
[WhiteElo "2540"]
[BlackElo "2339"]
[TimeControl "180+1"]
[EndTime "10:31:12 PST"]
[Termination "SirStrateg won on time"]

1. d4 d5 2. Bf4 e6 3. e3 b6 4. Nf3 Nf6 5. Nbd2 Bd6 6. Bg3 O-O 7. Bd3 Ba6 8. c4 dxc4 9. Nxc4 Nc6 10. Nxd6 Bxd3 11. Nxf7 Rxf7 12. Qxd3 Qd5 13. O-O Nb4 14. Qe2 Nxa2 15. Ne5 Re7 16. b3 Nb4 17. Qc4 a5 18. f3 Rd8 19. Rfc1 Qxc4 20. Rxc4 Nfd5 21.
Bf2 g6 22. Bh4 Rde8 23. Bxe7 Rxe7 24. Kf2 Kg7 25. e4 Nf6 26. Nc6 Nxc6 27. Rxc6 Ne8 28. Ke3 Kf7 29. h4 Rd7 30. g4 Ke7 31. Rh1 Ng7 32. h5 g5 33. h6 Ne8 34. Rc2 Kf6 35. Rb2 Kg6 36. e5 Rd5 37. b4 axb4 38. Rxb4 c5 39. Rxb6 cxd4+ 40. Ke4 Nc7 41. Rd6 d3 42. Rxd5 Nxd5 43. Kxd3 Ne7 44. Rb1 Nd5 45. Rh1 Ne7 46.
Ke4 Ng8 47. Kd4 Nxh6 48. Kc5 Nf7 49. Re1 h5 50. Kc6 hxg4 51. fxg4 Nh6 52. Re4 Kf7 53. Kd6 Ng8 54. Ra4 1-0

[Event "*** Titled Tuesday Blitz"]
[Site "Chess.com"]
[Date "2021.02.16"]
[Round "3"]
[White "j2806"]
[Black "AniJak"]
[Result "1-0"]
[WhiteElo "2115"]
[BlackElo "2318"]
[TimeControl "180+1"]
[EndTime "10:31:12 PST"]
[Termination "j2806 won by resignation"]

1. e4 c5 2. Nf3 e6 3. d4 cxd4 4. Nxd4 a6 5. Bd3 Bc5 6. Nb3 Be7 7. O-O d6 8. Nc3 Nd7 9. f4 Qc7 10. Be3 b5 11. a3 Bb7 12. Qe2 Ngf6 13. Rae1 h5 14. h3 h4 15. Bd4 e5 16. Be3 Nh5 17. Qg4 Ndf6 18. Qxh4 Nxe4 19. Qg4 Nhf6 20. Qd1 Nxc3 21.
bxc3 e4 22. Be2 Qxc3 23. Bd4 Qc7 24. Qd2 e3 25. Bxe3 Ne4 26. Qd3 Ng3 27. Rf2 Nxe2+ 28. Rfxe2 O-O-O 29. Bd4 Rhe8 30. Bc3 Kb8 31. Ba5 Qc8 32. Bxd8 Qxd8 33. Nd4 g6 34. f5 gxf5 35. Nxf5 Qb6+ 36. Kh1 Rg8 37. Nxe7 Rg7 38. Nf5 Rg8 39.
Qxd6+ Qxd6 40. Nxd6 Bc6 41. Nxf7 Rg7 42. Ne5 Bb7 43.
Nf3 Ka7 44. Re7 Rxe7 45. Rxe7 Kb6 46. h4 a5 47. h5 b4 48. Rxb7+ Kxb7 49. axb4 a4 50.
h6 a3 51. h7 a2 52. h8=Q Kb6 53. Qf6+ Kb5 54. Qa1 1-0

[Event "*** Titled Tuesday Blitz"]
[Site "Chess.com"]
[Date "2021.02.16"]
[Round "3"]
[White "bylavochka"]
[Black "BabyBoss31"]
[Result "0-1"]
[WhiteElo "2073"]
[BlackElo "2329"]
[TimeControl "180+1"]
[EndTime "10:31:12 PST"]
[Termination "BabyBoss31 won by resignation"]

1. e4 c6 2. d4 d5 3. exd5 cxd5 4.
c4 Nf6 5. Nc3 g6 6. cxd5 Nxd5 7.
Bc4 Nb6 8. Bb3 Bg7 9. Nge2 O-O 10. O-O Nc6 11. Be3 Bg4 12. h3 Bxe2 13. Nxe2 e6 14. a3 Nd5 15. Qd3 Nxe3 16. fxe3 Qb6 17. Rac1 Rac8 18. Bc4 Rfd8 19. b4 Ne5 20. Qb3 Nxc4 21.
Rxc4 Qb5 22. Rfc1 Rxc4 23. Qxc4 Qg5 24. Qb3 Bh6 25. Nf4 Qe7 26. Ne2 Kg7 27. Ng3 Rd7 28. Ne4 Qh4 29. Qd3 b6 30. Rf1 f5 31.
Nd2 e5 32. Nf3 e4 33. Nxh4 exd3 34. Kf2 Re7 35. Nf3 Bxe3+ 36. Kg3 f4+ 37. Kg4 h5+ 38. Kh4 Rd7 39. Rd1 Bxd4 40. Rxd3 Bf6+ 41. Ng5 Rxd3 42. g4 0-1

[Event "*** Titled Tuesday Blitz"]
[Site "Chess.com"]
[Date "2021.02.16"]
[Round "3"]
[White "Artem_Sadovsky"]
[Black "Novoselski"]
[Result "1-0"]
[WhiteElo "2581"]
[BlackElo "2315"]
[TimeControl "180+1"]
[EndTime "10:31:13 PST"]
[Termination "Artem_Sadovsky won by resignation"]

1. Nf3 g6 2. h4 h6 3. h5 g5 4. d4 Bg7 5. c3 d6 6. e4 c6 7.
Bd3 Nd7 8. Nbd2 Ngf6 9. Nc4 b5 10.
Ne3 e6 11. a4 Bb7 12. Qe2 a6 13. Nh2 Qb6 14. Nhg4 Nxg4 15. Nxg4 c5 16. axb5 cxd4 17. bxa6 Nc5 18. Bb5+ Ke7 19. O-O d3 20. Bxd3 Nxd3 21. axb7 Rxa1 22. Qxd3 Rxc1 23. Rxc1 Qxb7 24. Rd1 Qb6 25.
b4 Rc8 26. e5 d5 27. Ra1 Qc7 28. Ra3 Bxe5 29. Nxh6 Rh8 30. Nxf7 Kxf7 31. Qg6+ Ke7 32. Ra6 Bf6 33. h6 Qb7 34. Ra1 Bxc3 35. Rc1 Bf6 36. h7 Qd7 37. b5 Qd8 38. Rc6 d4 39. Qe4 Qd7 40. b6 Rc8 41. Rxc8 Qxc8 42. b7 Qd8 43. Qd3 e5 44. Qa3+ Kf7 45. Qb3+ Kg6 46. b8=Q 1-0

[Event "*** Titled Tuesday Blitz"]
[Site "Chess.com"]
[Date "2021.02.16"]
[Round "3"]
[White "AldokhinIvan"]
[Black "vugarrasulov"]
[Result "0-1"]
[WhiteElo "2439"]
[BlackElo "2770"]
[TimeControl "180+1"]
[EndTime "10:31:14 PST"]
[Termination "vugarrasulov won by resignation"]

1. e4 g6 2. d4 Bg7 3. Nc3 a6 4. Bg5 b5 5. Nf3 Bb7 6. Bd3 d6 7. O-O Nd7 8. a4 b4 9. Ne2 Ngf6 10. Ng3 h6 11. Bd2 O-O 12. Bxb4 c5 13. dxc5 Nxc5 14.
Bxc5 dxc5 15. Qe2 Qc7 16. c4 Rfd8 17. e5 Bxf3 18. gxf3 Ne8 19. e6 f5 20. Rad1 Nf6 21. Kh1 Qf4 22. Rg1 Kh8 23. Qe3 Qxe3 24. fxe3 Rab8 25.
Rg2 Ne8 26. Ne2 g5 27. h4 Bf6 28. hxg5 hxg5 29. Ng3 Ng7 30. Rgd2 Rxb2 31. Rxb2 Bxb2 32. Bc2 Rxd1+ 33. Bxd1 Be5 34. Ne2 Nxe6 35. Bc2 Ng7 36. Kg2 e6 37. f4 gxf4 38. exf4 Bd6 39. Kf3 Kg8 40. Nc1 Kf7 41. Nb3 Kf6 42. Na5 Nh5 43. Nb7 Ke7 44. a5 Kd7 45. Ba4+ Kc7 46. Nxd6 Kxd6 47. Be8 Nf6 48. Bf7 Ne4 49. Ke3 Nc3 50. Kd3 Na2 51. Bg8 Nb4+ 52. Kc3 Nc6 53. Bf7 Nxa5 54. Be8 Nc6 55. Bf7 Nd4 56. Kd3 a5 57. Be8 Nc6 58. Kc3 a4 59. Kb2 Nd4 60. Ka3 Ne2 61.
Kxa4 Nxf4 62. Kb5 e5 63. Bc6 e4 64. Bb7 e3 65. Bf3 e2 66. Bxe2 Nxe2 0-1

[Event "*** Titled Tuesday Blitz"]
[Site "Chess.com"]
[Date "2021.02.16"]
[Round "3"]
[White "ikhasu"]
[Black "WonderChampion"]
[Result "1-0"]
[WhiteElo "2420"]
[BlackElo "2080"]
[TimeControl "180+1"]
[EndTime "10:31:15 PST"]
[Termination "ikhasu won by resignation"]

1. e4 c5 2. Nf3 g6 3. d4 cxd4 4. Qxd4 Nf6 5. Nc3 Nc6 6. Qa4 d6 7. e5 dxe5 8. Nxe5 Bd7 9. Nxd7 Qxd7 10. Be2 Bg7 11. O-O O-O 12. Bf4 e5 13. Rad1 Qe7 14. Bg5 h6 15. Nd5 Qe6 16. Bxf6 Bxf6 17. Nc7 Qc8 18.
Nxa8 Qxa8 19. Rd7 Qc8 20. Rfd1 Nd4 21. Bc4 a6 22. Rd6 b5 23. Qxa6 bxc4 24. Qxc8 Rxc8 25. Rxf6 Rb8 26. b3 c3 27. Rxd4 exd4 28. Rd6 Re8 29.
Kf1 Ra8 30. a4 Kg7 31. Rxd4 Kf6 32. Rc4 Ke5 33. Rxc3 f5 34. Rc4 g5 35. Ke2 h5 36.
Rc5+ Ke6 37. a5 Ra6 38. b4 Kf6 39. c4 Ke6 40. Rb5 Ra7 41. Rb6+ Ke5 42. a6 Kd4 43. Rc6 f4 44. b5 g4 45. Rb6 Kxc4 46. Rb7 Ra8 47.
a7 Kc5 48. b6 Re8+ 49. Kd3 Rd8+ 50. Kc3 Kb5 51. Rb8 Rd3+ 52. Kxd3 1-0

[Event "*** Titled Tuesday Blitz"]
[Site "Chess.com"]
[Date "2021.02.16"]
[Round "3"]
[White "Mikhail_Golubev"]
[Black "Sanyura"]
[Result "0-1"]
[WhiteElo "2528"]
[BlackElo "2746"]
[TimeControl "180+1"]
[EndTime "10:31:16 PST"]
[Termination "Sanyura won on time"]

1. e4 c5 2. Nf3 e6 3. d4 cxd4 4.
Nxd4 Nc6 5. Nc3 Nf6 6. Ndb5 Bc5 7. Bf4 O-O 8. Bc7 Qe7 9. Bd6 Bxd6 10. Qxd6 Qd8 11.
O-O-O a6 12. Nd4 Ne7 13. g3 b5 14. Bg2 Bb7 15. Rhe1 Rc8 16. Nb3 Rc4 17. a3 Re8 18. h3 Qa8 19. f3 Nc8 20. Qd2 d5 21. Na5 d4 22. Ne2 e5 23. Nxc4 bxc4 24. Nxd4 exd4 25. Qxd4 Ne7 26. Bf1 Nc6 27. Qc3 Rc8 28. Bxc4 Ne5 29. Qxe5 Rxc4 30. Rd2 h6 31. Red1 Rc8 32. Rd6 Bc6 33.
Rxf6 gxf6 34. Qxf6 Ba4 35. Rd2 Qa7 36. Rd8+ Rxd8 37.
Qxd8+ Kh7 38. Qd1 Qe3+ 39. Kb1 Bb5 40. f4 Qxg3 0-1

[Event "*** Titled Tuesday Blitz"]
[Site "Chess.com"]
[Date "2021.02.16"]
[Round "3"]
[White "lolo9292"]
[Black "ChessQueen"]
[Result "1/2-1/2"]
[WhiteElo "2446"]
[BlackElo "2727"]
[TimeControl "180+1"]
[EndTime "10:31:16 PST"]
[Termination "Game drawn - insufficient material"]

1. e4 c6 2. Nf3 d5 3. d3 dxe4 4. dxe4 Qxd1+ 5. Kxd1 Nf6 6. Bd3 h6 7. Ke2 g5 8. h3 Rg8 9. Nc3 Be6 10. Nd4 Bc8 11.
Be3 Nbd7 12. Rad1 Ne5 13. h4 Bg4+ 14. f3 Bd7 15. hxg5 hxg5 16. g4 e6 17. Nb3 Bb4 18. Na4 Nxd3 19. cxd3 b6 20. Bd4 Rg6 21. Rh8+ Bf8 22. Rdh1 Ng8 23. Nc3 c5 24. Be5 O-O-O 25.
d4 f6 26. Bg3 f5 27. gxf5 exf5 28. Be5 g4 29. fxg4 fxg4 30. dxc5 bxc5 31. Nd5 g3 32. Rg1 g2 33. Nd2 Ne7 34. Nf4 Ra6 35. Rxg2 Nc6 36.
Bf6 Nd4+ 37. Bxd4 cxd4 38. Rgg8 Be7 39. Rxd8+ Bxd8 40. e5 Bf5 41. Nb3 Rxa2 42. Nxd4 Rxb2+ 43. Ke3 Bg4 44. Nfe6 Bxe6 45. Nxe6 Kd7 46. Nc5+ Kc6 47. Rxd8 Kxc5 48. Ke4 Re2+ 49. Kf5 a5 50. Ke6 a4 51. Ra8 Kb4 52. Rb8+ Kc3 53. Rc8+ Kb3 54. Kd6 a3 55. Rb8+ Kc3 56. Ra8 Kb2 57. e6 a2 58.
Rxa2+ Kxa2 59. Ke7 Kb3 60. Kf7 Kc4 61. e7 Kd5 62.
e8=Q Rxe8 63. Kxe8 1/2-1/2

[Event "*** Titled Tuesday Blitz"]
[Site "Chess.com"]
[Date "2021.02.16"]
[Round "3"]
[White "anskam"]
[Black "digilik"]
[Result "0-1"]
[WhiteElo "1720"]
[BlackElo "2249"]
[TimeControl "180+1"]
[EndTime "10:31:16 PST"]
[Termination "digilik won on time"]

1. e4 c5 2. Nf3 e6 3. d4 cxd4 4.
Nxd4 a6 5. Nc3 b5 6. Be3 Bb7 7. f3 Nf6 8. Qd2 d5 9. exd5 Nxd5 10.
Nxd5 Qxd5 11. a3 Be7 12. Nb3 O-O 13. Qxd5 Bxd5 14. O-O-O Nd7 15. Kb1 Rac8 16. Bd3 Ne5 17. Be2 Nc4 18. Bf2 Rc7 19. Bd3 Rfc8 20. Rhe1 Bd6 21. h3 Ne5 22. Nd4 Nc4 23. Bxc4 Rxc4 24. c3 Rb8 25. Nxe6 fxe6 26. Kc2 a5 27. b3 Rc6 28.
Kb2 Rbc8 29. Rc1 a4 30. b4 Be7 31. Bd4 Bf6 32. Bxf6 gxf6 33. Re3 Kf7 34. g4 Rc4 35. Rf1 e5 36. Rd1 Ke6 37. Red3 Bc6 38. Rd6+ Ke7 39. R6d3 Be8 40. R1d2 R8c7 41. h4 Bg6 42. Re3 h5 0-1

[Event "*** Titled Tuesday Blitz"]
[Site "Chess.com"]
[Date "2021.02.16"]
[Round "3"]
[White "Spriteball"]
[Black "Ermito2020"]
[Result "1-0"]
[WhiteElo "2358"]
[BlackElo "2581"]
[TimeControl "180+1"]
[EndTime "10:31:16 PST"]
[Termination "Spriteball won by resignation"]

1. e4 c6 2. d4 d5 3. exd5 cxd5 4. Bd3 Nf6 5. Bf4 Nc6 6. c3 g6 7. h3 Bf5 8. Nf3 Bxd3 9. Qxd3 Bg7 10. O-O O-O 11. Nbd2 Rc8 12. Rfe1 e6 13. Bh2 a6 14. Ne5 Nd7 15. Nxc6 Rxc6 16. Nf3 b5 17. Ne5 Nxe5 18. Bxe5 Qb6 19. Bxg7 Kxg7 20. Re2 Rfc8 21. a4 b4 22. a5 Qb7 23. Rb1 bxc3 24. bxc3 Qc7 25. Ra2 Rxc3 26. Qxa6 Rc1+ 27. Rxc1 Qxc1+ 28. Kh2 Qf4+ 29. g3 Qc7 30. Qb5 Rb8 31. Qc5 Qxc5 32. dxc5 Kf8 33. a6 Ke7 34.
Kg2 Kd7 35. a7 Ra8 36. Ra6 Kc7 37. c6 e5 38. Kf3 f5 39. Ke3 Kd6 40. f4 exf4+ 41. gxf4 h6 42. h4 Kc7 43. Kd4 Kd6 44.
Ke3 Kc7 45. Kd3 Kd6 46. Kd4 Ke6 47. Kc5 g5 48. fxg5 hxg5 49. hxg5 f4 50. Kd4 Kd6 51. g6 Ke6 52. g7 f3 53. Ke3 Ke5 54. g8=Q Rxg8 55.
a8=Q d4+ 56. Kxf3 Rxa8 57. Rxa8 Kd6 1-0

[Event "*** Titled Tuesday Blitz"]
[Site "Chess.com"]
[Date "2021.02.16"]
[Round "3"]
[White "norwaytoadog"]
[Black "elindisguise"]
[Result "0-1"]
[WhiteElo "2265"]
[BlackElo "2458"]
[TimeControl "180+1"]
[EndTime "10:31:16 PST"]
[Termination "elindisguise won on time"]

1. e4 c6 2. d4 d5 3. e5 Bf5 4. Nf3 e6 5. Be2 c5 6. Be3 Nc6 7. O-O Qb6 8. Nc3 Qxb2 9. Qe1 cxd4 10.
Bxd4 Bb4 11. Rb1 Qxc2 12. Rxb4 Nxb4 13. Nb5 Na6 14. Nd6+ Kf8 15. Bxa6 bxa6 16. Nxf5 Qxf5 17. Bc5+ Ne7 18. Nd4 Qg5 19. Qb4 a5 20. Qb7 Re8 21. f4 Qh4 22. Nc6 g6 23. g3 Qh3 24. Nxe7 Kg7 25. f5 gxf5 26. Bd4 Rb8 27. Qc7 Rb4 28.
Nxf5+ Qxf5 29. Rxf5 exf5 30. Qc5 Rc4 31. Qxd5 Rhc8 32.
e6+ f6 33. Qd7+ Kg6 34. Qf7+ Kg5 35. Be3+ Kg4 36. Qg7+ Kf3 0-1

[Event "*** Titled Tuesday Blitz"]
[Site "Chess.com"]
[Date "2021.02.16"]
[Round "3"]
[White "karenzadita"]
[Black "Make_it_shine060"]
[Result "1-0"]
[WhiteElo "2432"]
[BlackElo "2167"]
[TimeControl "180+1"]
[EndTime "10:31:17 PST"]
[Termination "karenzadita won by resignation"]

1. e4 c5 2. c3 Nf6 3. e5 Nd5 4. d4 cxd4 5. Nf3 d6 6. cxd4 Nc6 7. Bc4 dxe5 8. dxe5 Nb6 9. Qxd8+ Nxd8 10. Bb3 g6 11.
O-O Bg7 12. Bf4 Nc6 13. Re1 O-O 14. Nc3 Bg4 15. Ng5 e6 16. h3 Bf5 17. g4 Bd3 18. Rad1 Rad8 19. Bxe6 fxe6 20. Nxe6 Rxf4 21. Nxd8 Nxd8 22.
Rxd3 Ne6 23. Rd6 Kf7 24. a4 Rc4 25. a5 Nc8 26. Rd7+ Kf8 27. Rxb7 Nc7 28. e6 Ne7 29. Rxa7 Bxc3 30. bxc3 Rxc3 31. Rb7 Na6 32. Rb6 Rc6 33. Reb1 Ke8 34. Rxc6 Nxc6 35. Rb6 Ncb4 36. f4 Ke7 37. f5 gxf5 38. gxf5 h6 39. Kg2 h5 40. Kg3 Kf6 41. Kh4 Kxf5 42. e7 Nc7 43. Rxb4 Ke6 44. Re4+ Kd7 45.
a6 1-0

[Event "*** Titled Tuesday Blitz"]
[Site "Chess.com"]
[Date "2021.02.16"]
[Round "3"]
[White "agartha01"]
[Black "thisunaa"]
[Result "1-0"]
[WhiteElo "2386"]
[BlackElo "1979"]
[TimeControl "180+1"]
[EndTime "10:31:17 PST"]
[Termination "agartha01 won on time"]

1. d4 Nf6 2. Bf4 g6 3. e3 Bg7 4. Nf3 d6 5. c3 O-O 6. Nbd2 c5 7.
h3 b6 8. Bd3 Bb7 9. O-O d5 10.
Re1 Nc6 11. Rc1 Nd7 12. Bh2 e5 13. dxe5 Ndxe5 14. Bb1 Nxf3+ 15. Nxf3 Re8 16. e4 d4 17. e5 dxc3 18. bxc3 Bh6 19. Qxd8 Nxd8 20. Rcd1 Bxf3 21. gxf3 Ne6 22. Rd7 Rad8 23. Rxa7 Bd2 24. Rf1 Bxc3 25. f4 Bd2 26. f5 Nd4 27. e6 fxe6 28. fxg6 Nf3+ 29. Kg2 Nh4+ 30. Kh1 Nxg6 31. Bxg6 hxg6 32. Be5 Bh6 33. Rg1 g5 34. h4 Ra8 35. Rb7 Rxa2 36.
hxg5 Bf8 37. Kg2 Re7 38. Rxe7 Bxe7 39. g6 c4 40. Rh1 1-0

[Event "*** Titled Tuesday Blitz"]
[Site "Chess.com"]
[Date "2021.02.16"]
[Round "3"]
[White "Pelopidass"]
[Black "kuba2006"]
[Result "1-0"]
[WhiteElo "2592"]
[BlackElo "2384"]
[TimeControl "180+1"]
[EndTime "10:31:18 PST"]
[Termination "Pelopidass won by checkmate"]

1. e4 Nf6 2. Nc3 e5 3. Bc4 Nc6 4. d3 Na5 5. Bb3 Nxb3 6. axb3 d6 7. Nge2 Be7 8. O-O O-O 9. f4 exf4 10. Bxf4 Nh5 11. Be3 Bg5 12. Qd2 Bxe3+ 13. Qxe3 Qh4 14. Nf4 Bd7 15. Nxh5 Qxh5 16. Rxa7 Rxa7 17. Qxa7 Bc6 18. b4 f5 19. b5 Bd7 20. Qxb7 f4 21. Qd5+ Qxd5 22.
Nxd5 Bxb5 23. Nxc7 Bd7 24. Nd5 g5 25. h3 Kg7 26. b4 Be6 27. b5 Rb8 28. c4 Kg6 29. Rb1 Bxd5 30. exd5 Kf5 31. b6 Ke5 32. b7 Kd4 33. Rb3 h6 34. Kf2 h5 35. Kf3 Ke5 36. Ke2 Kd4 37. Kd2 g4 38. hxg4 hxg4 39. Rb6 f3 40. gxf3 gxf3 41. Rxd6 Rxb7 42. Ke1 Rb2 43. Re6 Kxd3 44. d6 Rb1+ 45. Kf2 Rb7 46. c5 Kd4 47. c6 Rb2+ 48. Kxf3 Rc2 49. d7 Kc5 50. d8=Q Rc3+ 51.
Kf4 Rc4+ 52. Kf5 Rc2 53. Qd6+ Kb6 54. c7+ Kb7 55. Qb6+ Kc8 56. Qb8+ Kd7 57. Qd8# 1-0

[Event "*** Titled Tuesday Blitz"]
[Site "Chess.com"]
[Date "2021.02.16"]
[Round "3"]
[White "kekic76"]
[Black "Fighter008"]
[Result "0-1"]
[WhiteElo "2383"]
[BlackElo "2590"]
[TimeControl "180+1"]
[EndTime "10:31:18 PST"]
[Termination "Fighter008 won by resignation"]

1. e4 c5 2. Nf3 d6 3. Bb5+ Nd7 4.
O-O a6 5. Bxd7+ Bxd7 6. c4 Nf6 7.
Nc3 g6 8. e5 dxe5 9. Nxe5 Be6 10. d3 Bg7 11. Be3 Rc8 12. Qb3 Qc7 13. f4 O-O 14.
Rae1 Bf5 15. Na4 Rfd8 16. Nxc5 Rb8 17. Rd1 Ng4 18. Nxg4 Bxg4 19. Rd2 Qc6 20. Ne4 Bf5 21. Nf2 b5 22. c5 Be6 23. Qc2 Bd5 24. Nd1 b4 25. b3 a5 26. Nb2 Ra8 27. Na4 Rab8 28. h3 Be6 29. Kh2 Bf5 30. Qc4 e5 31. fxe5 Bxe5+ 32. Bf4 Rd4 33. Qxd4 Bxd4 34. Bxb8 h5 35. Bd6 Qd5 36.
Nb6 Qe6 37. Nc4 Bc3 38. Rdf2 Bxd3 39. Rxf7 Bxf1 40. Rxf1 Bg7 41. Nxa5 Qe2 42. Rf3 Qxa2 43. c6 Qxa5 44. c7 Be5+ 45. g3 Qa2+ 46. Kh1 Qb1+ 47. Kg2 Qc2+ 48. Rf2 Qc6+ 49. Kh2 Bxd6 0-1

[Event "*** Titled Tuesday Blitz"]
[Site "Chess.com"]
[Date "2021.02.16"]
[Round "3"]
[White "Balla_Tamas"]
[Black "HanSchut"]
[Result "1-0"]
[WhiteElo "2445"]
[BlackElo "2253"]
[TimeControl "180+1"]
[EndTime "10:31:18 PST"]
[Termination "Balla_Tamas won by resignation"]

1. b3 e5 2. Bb2 Nc6 3. e3 Bd6 4.
Na3 Qe7 5. Nb5 f5 6. Nxd6+ cxd6 7. d4 exd4 8. Bxd4 Nxd4 9. Qxd4 Nf6 10. Bc4 Qe4 11. Nf3 d5 12. Bd3 Qxd4 13. Nxd4 d6 14.
Bxf5 O-O 15. Bd3 Ne4 16. Bxe4 dxe4 17. c4 Bd7 18. Rd1 Rf6 19. O-O a6 20. Rd2 b5 21.
Rc1 bxc4 22. Rxc4 a5 23. Rc7 Be8 24. h3 a4 25. b4 a3 26. Rdc2 h6 27. Rc8 Rxc8 28.
Rxc8 Kf7 29. Ra8 d5 30. Ra7+ Kg6 31. Rxa3 Rb6 32. Rb3 Kf6 33. b5 Ke5 34. a4 Kd6 35.
a5 Rb8 36. b6 Kc5 37. Kh2 Ba4 38. Rb2 Kc4 39. Kg3 Kc3 40. Ra2 Kb4 41. Kf4 Rb7 42. Ke5 Kxa5 43. Kxd5 Kb4 44. Kxe4 Rxb6 45. Rb2+ Kc5 46.
Rxb6 Kxb6 47. Ke5 Be8 48. Ne6 g6 49. f4 Kc6 50. e4 Kd7 51. Kf6 h5 52. Nf8+ Kd6 53.
Nxg6 1-0

[Event "*** Titled Tuesday Blitz"]
[Site "Chess.com"]
[Date "2021.02.16"]
[Round "3"]
[White "MrTattaglia"]
[Black "PaulfromSPb"]
[Result "0-1"]
[WhiteElo "2760"]
[BlackElo "2607"]
[TimeControl "180+1"]
[EndTime "10:31:19 PST"]
[Termination "PaulfromSPb won on time"]

1. Nf3 Nf6 2. d4 e6 3. c4 b6 4. g3 Ba6 5. Nbd2 c5 6. dxc5 bxc5 7. Bg2 Bb7 8. O-O Be7 9. b3 O-O 10. Bb2 Nc6 11. Ne5 Qc7 12. Nd3 Rfd8 13. Rc1 a5 14. a4 Nb4 15. Nxb4 Bxg2 16. Kxg2 Qb7+ 17. e4 Qxb4 18.
Bc3 Qb7 19. Qf3 d6 20. Rfd1 Nd7 21. h4 Bf6 22. Re1 Bxc3 23. Rxc3 Ne5 24. Qe3 Nc6 25.
Nf3 e5 26. Rb1 Nd4 27. Kg1 Re8 28. Rd3 Rab8 29. Qe1 Qb6 30. Nxd4 exd4 31. g4 Qc6 32. f3 Rb4 33. Qg3 Qb6 34. Qe1 d5 35. cxd5 c4 36. Rdd1 c3 37. Qf2 Rc8 38. Rbc1 Qc5 39.
Rd3 Rxb3 40. Qxd4 Qa3 41. Rdd1 c2 42. Rf1 Rxf3 43. Rxf3 Qxf3 44. Qd2 Qxg4+ 45. Qg2 Qd1+ 0-1